 Dungeon Crawl Stone Soup version 0.14-a0-1192-g192f278 (webtiles) character file.

515 PolkaDot the Ruinous (level 6, -5/36 HPs)
             Began as a Vampire Conjurer on Nov 30, 2013.
             Slain by zkyp's ghost (7 damage)
             ... while paralysed by a potion of paralysis
             ... on Level 6 of the Dungeon.
             The game lasted 00:12:32 (3873 turns).

PolkaDot the Ruinous (Vampire Conjurer)             Turns: 3873, Time: 00:12:32

HP  -5/36        AC  3     Str  7      XL: 6   Next: 31%
MP   2/10        EV  2     Int 23 (24) God:
Gold 172         SH  0     Dex 19      Spells:  3 memorised,  0 levels left

rFire  . . .     SeeInvis +     k - +0,+2 dagger (venom)
rCold  . . .     Clarity  .     a - +0 robe
rNeg   . . .     Conserve .     i - +0 buckler
rPois  .         rCorr    .     (helmet restricted)
rElec  .         rRot     .     (no cloak)
SustAb . .       Spirit   .     m - +0 pair of gauntlets (curse)
rMut   .         Warding  .     (no boots)
Saprov . . .     Stasis   .     (no amulet)
                                (no ring)
                                b - +3 ring of evasion

@: paralysed, regenerating quickly, brilliant, agile, very slightly
contaminated, hasted, slightly resistant to hostile enchantments, very stealthy
A: bottle blood, fangs 3, horns 1, see invisible, frail 1, unbreathing
a: Bottle Blood


You were on level 6 of the Dungeon.
You were full.

You visited 1 branch of the dungeon, and saw 6 of its levels.

You collected 172 gold pieces.

Inventory:

Hand weapons
 k - a +0,+2 dagger of venom (weapon)
Armour
 a - a +0 robe (worn)
 i - a +0 buckler (worn)
 m - a cursed +0 pair of gauntlets (worn)
Scrolls
 e - 2 scrolls of remove curse {unknown}
 f - 4 scrolls of curse armour
 g - 2 scrolls of magic mapping
 h - 3 scrolls of recharging {unknown}
 j - a scroll of curse weapon {unknown}
 n - 2 scrolls of noise {unknown}
 q - a scroll of identify {unknown}
 r - a scroll of amnesia {unknown}
 s - a scroll of curse jewellery {unknown}
 t - 2 scrolls of teleportation {unknown}
 u - 2 scrolls of fear {unknown}
Jewellery
 b - a +3 ring of evasion (left hand)
Potions
 d - 2 potions of curing
 l - a potion of brilliance
 p - 2 potions of agility
 x - a potion of heal wounds
Books
 c - a book of Conjurations

   Spells                             Type                      Level
   *Magic Dart                        Conjuration                  1
   *Searing Ray                       Conjuration                  2
   Dazzling Spray                     Conjuration/Hexes            3
   *Iskenderun's Mystic Blast         Conjuration                  4
   Iskenderun's Battlesphere          Conjuration/Charms           4
   Fulminant Prism                    Conjuration/Hexes            5
 v - a book of Maledictions

   Spells                             Type                      Level
   Corona                             Hexes                        1
   Sure Blade                         Hexes/Charms                 2
   Ensorcelled Hibernation            Hexes/Ice                    2
   Confuse                            Hexes                        3
   Enslavement                        Hexes                        4
   Invisibility                       Hexes                        6


   Skills:
 - Level 2.1 Dodging
 - Level 3.0 Stealth
 - Level 1.0 Shields
 - Level 1.0 Spellcasting
 * Level 5.6 Conjurations


You couldn't memorise any spells.
You knew the following spells:

 Your Spells              Type           Power        Failure   Level  Hunger
a - Magic Dart            Conj           ####         1%          1    ##.....
d - Iskenderun's Mystic   Conj           #####...     2%          4    #####..
s - Searing Ray           Conj           #####.       1%          2    ###....


Dungeon Overview and Level Annotations

Branches:
Dungeon (6/16)
 Temple: D:4-7

Altars:
Okawaru
Trog

Annotations:
D:6 zkyp's ghost, experienced FoHu


Innate Abilities, Weirdness & Mutations

Your natural rate of healing is unusually fast.
You can bottle blood from corpses.
You have razor-sharp teeth.*
You have supernaturally acute eyesight.
You can survive without breathing.*
You have a pair of small horns on your head.*
You are frail (-10% HP).


Message History

Drink which item? (? for menu, Esc to quit)
You feel more agile all of a sudden.
It was a potion of agility.
Zkyp's ghost completely misses you.
Drink which item? (? for menu, Esc to quit)
You feel extremely strange. A pair of horns grows on your head!
You feel frail.
Your body decomposes!
You feel dopey.
It was a potion of mutation.
Zkyp's ghost hits you!
Drink which item? (? for menu, Esc to quit)
You feel yourself speed up.
It was a potion of speed.
Zkyp's ghost closely misses you.
You are very lightly contaminated with residual magic.
Drink which item? (? for menu, Esc to quit)
You suddenly lose the ability to move!
It was a potion of paralysis.
Zkyp's ghost hits you.
* * * LOW HITPOINT WARNING * * *
Zkyp's ghost hits you.
* * * LOW HITPOINT WARNING * * *
Zkyp's ghost hits you!
You die...

###
#..
#.#
#.#
#p#
#@#
#%#
#.#
#.#
#.#
#.#
#.#
#.#
#.#


You could see zkyp's ghost.

Vanquished Creatures
  A phantom (D:4)
  2 orc priests
  An orc wizard (D:3)
  3 adders
  A gnoll (D:2)
  An inept item mimic (D:4)
  3 worms
  An adder skeleton (D:4)
  2 giant geckos
  17 orcs
  9 giant cockroaches
  9 goblins
  12 hobgoblins
  4 jackals
  10 bats
  6 giant newts
  10 kobolds
  10 rats
102 creatures vanquished.

Notes
Turn   | Place    | Note
--------------------------------------------------------------
     0 | D:1      | PolkaDot, the Vampire Conjurer, began the quest for the Orb.
     0 | D:1      | Reached XP level 1. HP: 13/13 MP: 4/4
   333 | D:1      | Reached XP level 2. HP: 19/19 MP: 3/5
   358 | D:1      | Learned a level 2 spell: Searing Ray
   999 | D:1      | Reached XP level 3. HP: 21/24 MP: 6/6
  1122 | D:1      | Reached skill level 1 in Shields
  1403 | D:2      | Found an iron altar of Okawaru.
  1434 | D:2      | Reached skill level 4 in Conjurations
  1524 | D:2      | Noticed a moth of wrath
  1526 | D:2      | Found a bloodstained altar of Trog.
  1546 | D:2      | Reached XP level 4. HP: 30/30 MP: 8/8
  2439 | D:3      | Reached XP level 5. HP: 25/35 MP: 9/9
  2903 | D:4      | Noticed a phantom
  2955 | D:4      | Killed a phantom
  2955 | D:4      | Reached skill level 5 in Conjurations
  3067 | D:4      | Reached XP level 6. HP: 41/41 MP: 10/10
  3073 | D:4      | Learned a level 4 spell: Iskenderun's Mystic Blast
  3810 | D:5      | Entered Level 5 of the Dungeon
  3856 | D:6      | Noticed zkyp's ghost (experienced FoHu)
  3869 | D:6      | Gained mutation: You have a pair of small horns on your head. [potion of mutation]
  3869 | D:6      | Gained mutation: You are frail (-10% HP). [potion of mutation]
  3871 | D:6      | Paralysed by a potion of paralysis for 7 turns
  3873 | D:6      | Slain by zkyp's ghost

Action                   |  1- 3 |  4- 6 || total
-------------------------+-------+-------++-------
Melee: Dagger            |    36 |   160 ||   196
       Unarmed           |     4 |       ||     4
 Cast: Magic Dart        |    30 |     1 ||    31
       Searing Ray       |     3 |    10 ||    13
  Use: Potion            |     3 |    10 ||    13
       Scroll            |       |     3 ||     3
 Stab: Sleeping          |     2 |     8 ||    10
